 Dungeon Crawl Stone Soup version 0.26-a0-812-g31a745ddcd (webtiles) character file.

Game seed: 13085752945365998731

12270 kae the Transmogrifier (level 11, 0/101 HPs)
             Began as a Troll Transmuter on Nov 16, 2020.
             Was a Believer of Ru.
             Slain by a hellwing (17 damage)
             ... summoned by an orc sorcerer
             ... while paralysed by an orc sorcerer
             ... on level 11 of the Dungeon.
             The game lasted 00:08:38 (10175 turns).

kae the Transmogrifier (Troll Transmuter)          Turns: 10175, Time: 00:08:39

Health: 0/101      AC:  4    Str: 29    XL:     11   Next: 60%
Magic:  6/11       EV:  1    Int:  9    God:    Ru [**....]
Gold:   557        SH:  0    Dex: 19    Spells: 5/14 levels left

rFire    . . .     SeeInvis .     - Unarmed
rCold    . . .     Faith    .   (no shield)
rNeg     . . .     Spirit   .   x - +1 robe {MR+}
rPois    .         Reflect  .   (helmet restricted)
rElec    +         Harm     .   t - +0 cloak
rCorr    .         Rampage  .   (gloves unavailable)
MR       .....                  (boots unavailable)
Stlth    ++........             (no amulet)
HPRegen  0.66/turn              c - +4 ring of protection
MPRegen  0.12/turn              u - ring "Ywnoles" {rElec MR- Str+6 Dex+9}

@: paralysed, corroded
A: large, unfitting armour, claws 3, low mp 1, regeneration 1, shaggy fur 1,
tough skin 3, inability to train armour
a: Renounce Religion


You were on level 11 of the Dungeon.
You worshipped Ru.
Ru was pleased with you.
You visited 2 branches of the dungeon, and saw 12 of its levels.

You collected 696 gold pieces.
You spent 139 gold pieces at shops.

Inventory:

Armour
 t - a +0 cloak (worn)
 x - a +1 robe of magic resistance (worn)
Jewellery
 c - a +4 ring of protection (left claw)
 q - an uncursed ring of fire
 u - the ring "Ywnoles" (right claw) {rElec MR- Str+6 Dex+9}
   (You acquired it on level 11 of the Dungeon)

   [ring of strength]

   It affects your strength (+6).
   It affects your dexterity (+9).
   It insulates you from electricity.
   It affects your resistance to hostile enchantments.
Wands
 d - a wand of flame (7)
 g - a wand of polymorph (6)
 v - a wand of digging (7)
Scrolls
 a - a scroll of fear
 b - a scroll of blinking
 e - 6 scrolls of remove curse
 l - 6 scrolls of teleportation
 n - a scroll of enchant armour
 p - 2 scrolls of immolation
 r - 3 scrolls of identify
 w - 2 scrolls of fog
Potions
 f - 2 potions of curing
 i - 2 potions of brilliance
 j - 2 potions of might
 k - 2 potions of haste
 m - 2 potions of cancellation
 s - 2 potions of ambrosia {unknown}
 z - 2 potions of resistance {unknown}


   Skills:
 + Level 4.6 Fighting
 - Level 1.5 Dodging
 - Level 11.0 Unarmed Combat
 - Level 2.0 Spellcasting
 - Level 11.0 Transmutations


You had 5 spell levels left.
You knew the following spells:

 Your Spells              Type           Power        Failure   Level
a - Beastly Appendage     Tmut           ###...       1%          1
b - Spider Form           Tmut/Pois      ##........   11%         3
c - Blade Hands           Tmut           ###.......   10%         5

Your spell library contained the following spells:

 Spells                   Type           Power        Failure   Level
 Wereblood                Tmut           ###.....     1%          2
 Passwall                 Tmut/Erth      ##......     5%          2
 Sandblast                Erth           #.....       32%         1
 Shock                    Conj/Air       #...         32%         1
 Ice Form                 Ice/Tmut       ##......     34%         4
 Petrify                  Tmut/Erth      ##......     34%         4
 Corpse Rot               Necr/Air       N/A          45%         2
 Swiftness                Air            #.......     45%         2
 Static Discharge         Conj/Air       #.......     69%         3
 Stone Arrow              Conj/Erth      #.....       69%         3
 Tukima's Dance           Hex            #.......     69%         3
 Airstrike                Air            #.........   97%         4
 Lee's Rapid Deconstruct  Erth           #.........   100%        5
 Lightning Bolt           Conj/Air       #.........   100%        5
 Conjure Ball Lightning   Conj/Air       #.........   100%        6


Dungeon Overview and Level Annotations

Branches:
Dungeon (11/15)            Temple (1/1) D:5             Orc (0/2) D:9
   Lair: D:8-11

Altars:
Ashenzari
Cheibriados
Dithmenos
Elyvilon
Fedhas
Gozag
Hepliaklqana
Kikubaaqudgha
Makhleb
Nemelex Xobeh
Okawaru
Qazlal
Ru
Sif Muna
Trog
Uskayaw
Vehumet
Wu Jian
Xom
Yredelemnul
Zin
The Shining One

Shops:
D:8 [   D:10 [

Annotations:
D:8 5 transporters


Innate Abilities, Weirdness & Mutations

You are too large for most types of armour.
You have claws for hands.
Your magical capacity is low. (-10% MP)
Your natural rate of healing is unusually fast.
You are covered in fur. (AC +1)
You have extremely tough skin. (AC +3)
You cannot train Armour skill.


Message History

You barely miss the orc sorcerer.
The orc sorcerer is lightly wounded.
The orc sorcerer casts a spell at you.
You suddenly lose the ability to move!
The hellwing hits you! The hellwing hits you.
The orc sorcerer gestures wildly while chanting.
Your hands revert to their normal proportions.
The hellwing hits you but does no damage.
The hellwing hits you.
The orc sorcerer hits you but does no damage.
The rust devil hits you. The rust devil corrodes you! The hellwing hits you!
* * * LOW HITPOINT WARNING * * *
The hellwing hits you but does no damage.
The orc sorcerer casts a spell at you. You resist with significant effort.
The rust devil hits you.
* * * LOW HITPOINT WARNING * * *
The rust devil corrodes you! The hellwing hits you!
You die...

#######..........
#....##..........
#....##..........
+..........^.....
#....###########. # #....#
####. .# #....# #....
..(.######4...# ######.##.
#.ooT4o@....# #...##.###
#..##p##4...# #...##....
#..B{s###+#####.D.######
.....#z.z##<.....#.....D.#.
...###..z.#..###.##.####.##
. #../.#.#..# #.##.# #...
#.....Y#.:# #.##.# ###.
####......###.##.# #.
##..#..#......# #.


You could see a death knight, a hellwing (summoned), 2 rust devils, a troll, an
orc sorcerer, a worker ant, a wight, an orc priest and an orc.

Vanquished Creatures
  A hydra (D:11)
  A boulder beetle (D:11)
  An unseen horror (D:11)
  An ugly thing (D:11)
  A hornet (D:7)
  2 trolls (D:10)
  Prince Ribbit (D:6)
  5 wyverns
  8 yaks
  Grum (D:9)
  2 wargs (D:9)
  A steam dragon (D:8)
  2 soldier ants (D:11)
  Edmund (D:6)
  3 water moccasins (D:11)
  10 orc warriors
  3 ice beasts
  2 black bears
  3 sky beasts
  A phantom (D:3)
  3 ogres
  4 wolves (D:9)
  5 centaurs
  2 big kobolds
  5 bullfrogs
  3 scorpions
  4 wights
  2 howler monkeys (D:7)
  A bullfrog zombie (D:11)
  4 electric eels (D:9)
  A quasit (D:10)
  8 hounds
  4 jellies
  13 orc wizards
  11 orc priests
  Crazy Yiuf (D:7)
  2 centaur skeletons
  2 iguanas
  9 worker ants
  2 hound skeletons (D:4)
  2 worker ant zombies (D:5)
  10 gnolls
  7 adders
  2 shadow imps
  A white imp (D:7)
  3 ufetubi
  2 oozes
  2 adder skeletons
  3 worms
  5 dart slugs
  4 leopard geckos
  49 orcs
  5 giant cockroaches
  12 hobgoblins
  3 jackals (D:3)
  4 quokkas
  A ball python (D:4)
  5 bats
  6 frilled lizards
  6 goblins
  24 kobolds
  A leopard gecko skeleton (D:7)
  A quokka zombie (D:8)
  8 rats
302 creatures vanquished.

Vanquished Creatures (others)
  A hydra (D:11)
  2 bushes (D:11)
  8 fungi (D:11)
  22 plants (D:11)
33 creatures vanquished.

Grand Total: 335 creatures vanquished

Notes
Turn   | Place    | Note
-------+----------+-------------------------------------------
     0 | D:1      | kae the Troll Transmuter began the quest for the Orb.
     0 | D:1      | Reached XP level 1. HP: 18/18 MP: 1/1
   130 | D:1      | Reached XP level 2. HP: 25/26 MP: 0/2
   427 | D:1      | Reached XP level 3. HP: 28/32 MP: 3/3
  1183 | D:2      | Reached XP level 4. HP: 32/40 MP: 4/4
  1986 | D:3      | Reached XP level 5. HP: 44/46 MP: 5/5
  2015 | D:3      | Noticed a phantom
  2067 | D:3      | Found a white marble altar of Elyvilon.
  2077 | D:3      | Killed a phantom
  2077 | D:3      | Reached XP level 6. HP: 36/54 MP: 4/6
  2773 | D:5      | Entered Level 5 of the Dungeon
  2857 | D:5      | Reached skill level 5 in Unarmed Combat
  2886 | D:5      | Found a staircase to the Ecumenical Temple.
  2907 | Temple   | Entered the Ecumenical Temple
  3155 | Temple   | Became a worshipper of Ru the Awakened
  3327 | D:5      | Reached XP level 7. HP: 31/61 MP: 5/7
  3411 | D:5      | Reached skill level 5 in Transmutations
  3427 | D:5      | Found a blossoming altar of Fedhas.
  3927 | D:6      | Noticed Prince Ribbit
  4141 | D:6      | Killed Prince Ribbit
  4141 | D:6      | Reached XP level 8. HP: 39/68 MP: 6/8
  4265 | D:6      | Noticed Edmund
  4280 | D:6      | Killed Edmund
  4481 | D:6      | Gained mutation: Your magical capacity is low. (-10% MP)
                  | [Ru sacrifice]
  5221 | D:7      | Reached XP level 9. HP: 72/75 MP: 6/8
  5571 | D:7      | Found a runed translucent door.
  5572 | D:7      | Noticed Crazy Yiuf
  5880 | D:7      | Found a stormy altar of Qazlal.
  5961 | D:7      | Killed Crazy Yiuf
  6090 | D:8      | Learned a level 3 spell: Spider Form
  6096 | D:8      | Learned a level 5 spell: Blade Hands
  6360 | D:8      | Found a transporter.
  6481 | D:8      | Gained mutation: You cannot train Armour skill. [Ru
                  | sacrifice]
  6481 | D:8      | Reached * piety under Ru
  6481 | D:8      | Reached ** piety under Ru
  6568 | D:8      | Found a transporter.
  6569 | D:8      | Found a transporter.
  6582 | D:8      | Noticed a two-headed ogre
  6616 | D:8      | Found a transporter.
  6619 | D:8      | Found a transporter.
  6621 | D:8      | Noticed a cane toad
  6621 | D:8      | a raiju changed into a cane toad
  6907 | D:8      | Found Leicsigi's Armour Emporium.
  6941 | D:8      | Bought a +1 robe of magic resistance for 139 gold pieces
  7006 | D:9      | Reached XP level 10. HP: 71/83 MP: 9/9
  7097 | D:9      | Found a staircase to the Orcish Mines.
  7121 | D:9      | Identified Dabbigah's Handbook of Captivating Lightness
  7298 | D:9      | Noticed Grum
  7310 | D:9      | Killed Grum
  7936 | D:9      | Reached skill level 10 in Transmutations
  8244 | D:10     | Entered Level 10 of the Dungeon
  8405 | D:10     | Found Gephighui's Armour Emporium.
  8645 | D:10     | Reached skill level 10 in Unarmed Combat
  9296 | D:11     | Identified a scroll of acquirement
  9296 | D:11     | Acquired the ring "Ywnoles" {rElec MR- Str+6 Dex+9}
  9309 | D:11     | Noticed a boulder beetle
  9428 | D:11     | Killed a boulder beetle
  9597 | D:11     | Reached XP level 11. HP: 70/89 MP: 4/10
  9753 | D:11     | Noticed a five-headed hydra
  9761 | D:11     | Killed an eight-headed hydra
  9907 | D:11     | Noticed a six-headed hydra
 10123 | D:11     | Killed an unseen horror
 10126 | D:11     | Noticed a white ugly thing
 10133 | D:11     | Killed a white ugly thing
 10133 | D:11     | Reached skill level 1 in Fighting
 10153 | D:11     | Noticed an orc sorcerer
 10157 | D:11     | Killed an eight-headed hydra
 10160 | D:11     | Noticed a sixfirhy
 10166 | D:11     | Noticed a death knight
 10171 | D:11     | Paralysed by an orc sorcerer for 5 turns
 10175 | D:11     | Slain by a hellwing

Illustrated notes

Levels and vault maps discovered:
D:1:      matt_arrival_los_fun, layout_basic, serial_bayou_pond_b
D:2:      layout_basic
D:3:      layout_basic, elyvilon_altar_3
D:4:      layout_rooms
D:5:      layout_cave_pools, minmay_temple_entry_offerings, basic_altar
D:6:      layout_basic, grunt_ministairs_3, chequers_mini_garden,
          uniq_prince_ribbit1, uniq_edmund
D:7:      layout_loops_ring, minmay_misc_feat_alley,
          nicolae_qazlal_eye_of_the_storm, uniq_crazy_yiuf_cottage
D:8:      gammafunk_the_bubble [the_bubble_gammafunk_roulette],
          layout_loops_ring, serial_shops,
          nicolae_shop_temple_entry_statues_fountains
D:9:      layout_irregular_city, david_orc_1_choice, kennysheep_boxes, uniq_grum
D:10:     layout_stronghold, serial_shops, shop
D:11:     cheibrodos_wizards_tower, layout_basic, minmay_lair_entry_grove,
          kennysheep_windowed_goal
Temple:   roderic_octagonal_lattice_temple

Skill      XL: |  1  2  3  4  5  6  7  8  9 10 11 |
---------------+----------------------------------+-----
Transmutations | 2 3 4 6 7 9 10 11 | 11.0
Unarmed Combat | 4 5 6 7 9 10 11 | 11.0
Spellcasting   | 2 |  2.0
Fighting       | 4 |  4.6
Dodging        | |  1.5

Action                   |  1- 3 |  4- 6 |  7- 9 | 10-12 || total
-------------------------+-------+-------+-------+-------++-------
Melee: Unarmed           |    83 |   167 |   333 |   273 ||   856
       Kick              |     2 |    16 |    59 |    24 ||   101
       Headbutt          |     1 |    12 |    44 |    13 ||    70
       Punch             |       |     1 |     6 |    15 ||    22
 Cast: Beastly Appendage |     9 |    21 |    40 |     8 ||    78
       Blade Hands       |       |       |       |    15 ||    15
Invok: Sacrifice Essence |       |       |     1 |       ||     1
       Sacrifice Durabil |       |       |     1 |       ||     1
       Reject Sacrifices |       |       |       |     1 ||     1
  Use: Scroll            |       |    11 |     6 |     6 ||    23
       Potion            |       |       |       |     1 ||     1
 Stab: Sleeping          |     1 |       |       |     1 ||     2
       Invisible         |       |       |       |     2 ||     2
Armor: Robe              |    26 |    66 |   147 |   103 ||   342
Dodge: Dodged            |    39 |    95 |   169 |   104 ||   407

Table legend: (Time is in decaauts)
 A = Elapsed time spent in this place.
 B = Non-inter-level travel time spent in this place.
 C = Inter-level travel time spent in this place.
 D = Time resting spent in this place.
 E = Time spent auto-exploring this place.
 F = Levels seen in this place.
 G = Mean time per level.
                   A        B        C        D        E       F      G
               +--------+--------+--------+--------+--------+-----+--------+
         Total |  10089 |   9743 |    346 |    428 |   7515 |  12 |  840.8 |
       Dungeon |   9816 |   9494 |    322 |    428 |   7272 |  11 |  892.4 |
        Temple |    272 |    249 |     23 |      0 |    243 |   1 |  272.0 |
               +--------+--------+--------+--------+--------+-----+--------+

Top non-repeatable levels by time:
     D:9: 1288 daAuts
     D:6: 1197 daAuts
    D:10: 1135 daAuts
     D:1: 1035 daAuts
     D:7: 939 daAuts
     D:8: 930 daAuts
     D:5: 805 daAuts
    D:11: 761 daAuts
     D:3: 682 daAuts
     D:2: 590 daAuts
     D:4: 451 daAuts
  Temple: 272 daAuts
